 Dungeon Crawl Stone Soup version 0.31-a0-164-g2312942fda (webtiles) character file.

Game seed: 17914231173722877441

146 qw the Shooter (level 5, -2/32 HPs)
             Began as a Gargoyle Hunter on June 13, 2023.
             Slain by an orc
             ... wielding a +0 heavy trident
              (12 damage)
             ... on level 3 of the Dungeon.
             The game lasted 00:00:45 (1631 turns).

qw the Shooter (Gargoyle Hunter)                    Turns: 1631, Time: 00:00:46

Health: -2/32      AC:  9    Str: 18 (20) XL:     5   Next: 28%
Magic:  5/5        EV: 11    Int:  9 (10) God:
Gold:   46         SH:  0    Dex: 13 (15) Spells: 4/4 levels left

rFire   . . .        Y - +1 shortbow
rCold   . . .        (shield currently unavailable)
rNeg    + . .        d - +0 ring mail
rPois   inf          (no helmet)
rElec   +            (no cloak)
rCorr   .            (no gloves)
SInv    .            (no boots)
Will    .....        (no amulet)
Stlth   +            f - +6 ring of strength
HPRegen 0.25/turn    (no ring)
MPRegen 0.09/turn

%: no passive effects
@: no status effects
A: sickness immunity, AC +4, negative energy resistance 1, electricity
resistance, torment resistance 1, petrification resistance
a: no special abilities


You were on level 3 of the Dungeon.
You visited 1 branch of the dungeon, and saw 3 of its levels.

You collected 141 gold pieces.
You spent 95 gold pieces at shops.


Innate Abilities, Weirdness & Mutations

You are immune to sickness and miasma.
Your stone body is resilient. (AC +4)
You are immune to poison.
You resist negative energy. (rN+)
You are resistant to electric shocks. (rElec)
You are resistant to unholy torment.
You are immune to petrification.


   Skills:
 - Level 3.0 Fighting
 + Level 5.9 Ranged Weapons
 - Level 1.2 Armour
 - Level 1.5 Dodging
 - Level 1.1 Stealth


You had 4 spell levels left.
You didn't know any spells.
Your spell library was empty.

Inventory:

Hand Weapons
 Y - a +1 shortbow (weapon)
Armour
 d - a +0 ring mail (worn)
Jewellery
 f - a +6 ring of strength (left hand)
Scrolls
 a - 4 scrolls of identify
Potions
 b - 2 potions of resistance {unknown}
 h - a potion of attraction {unknown}
 i - a potion of haste
 j - a potion of mutation {unknown}

Dungeon Overview and Level Annotations

Branches:
Dungeon (3/15)

Altars:
Dithmenos

Shops:
D:2 (   D:3 ?

Annotations:
D:1 1 transporter


Message History

The orc priest invokes the aid of Beogh against you.
Beogh smites you! The orc wizard casts a spell at you.
You resist with some effort.
You shoot an arrow.
The arrow closely misses the orc wizard.
The orc priest casts a cantrip, but nothing happens.
The orc wizard gestures wildly while chanting.
The orc wizard flickers and vanishes!
Deactivating autopickup; reactivate with Ctrl-A.
You shoot an arrow. The arrow hits the orc!
You kill the orc!
Something hits you but does no damage.
1625 ||| Stepping ~*~*~tactically~*~*~ (outnumbered).
Enter note:
Enter note: You shoot an arrow.
You hear some strange, mumbled words.
Something tries to affect you, but you resist.
You shoot an arrow. The arrow hits the orc priest.
The orc priest is lightly wounded.
Something hits you but does no damage. The orc hits you but does no damage.
You shoot an arrow.
The arrow closely misses the orc priest.
Something hits you but does no damage.
The orc priest hits you but does no damage.
The orc closely misses you.
You shoot an arrow. The arrow hits the orc priest!
The orc priest is severely wounded.
The orc priest hits you but does no damage.
Something hits you but does no damage.
You shoot an arrow. The arrow barely misses the orc priest.
Something hits you but does no damage.
The orc priest hits you with a +0 short sword.
The orc barely misses you. Something hits you but does no damage.
The orc priest completely misses you.
You shoot an arrow. The arrow hits the orc priest.
The orc priest is almost dead.
The orc hits you from afar with a +0 heavy trident!
You die...

#........#
#.###.##.####
#.##....# #
#######..¤## #.#..
##...¤¤##
#####.#.###¤¤..¤¤¤##
#.....o).#¤¤¤..¤¤¤¤#
.....#{o..¤¤¤..¤.¤..
.o$ #@......_.¤¤¤¤.
. #....¤¤..¤..¤¤.
#..#¤¤¤..¤¤¤¤#
#..##¤...¤¤¤##
#..### ..¤¤ #..#
..¤# #... ... #...


You could see an orc priest and an orc.

Vanquished Creatures
  4 gnolls
  4 adders
  3 worms (D:2)
  3 dart slugs
  2 orcs (D:3)
  2 ball pythons (D:2)
  3 endoplasms (D:2)
  2 giant cockroaches (D:2)
  4 goblins
  6 hobgoblins
  4 jackals (D:1)
  8 kobolds
  7 bats
  4 frilled lizards
  3 rats (D:2)
59 creatures vanquished.

Notes
Turn   | Place    | Note
-------+----------+-------------------------------------------
     0 | D:1      | qw the Gargoyle Hunter began the quest for the Orb.
     0 | D:1      | Reached XP level 1. HP: 12/12 MP: 1/1
     0 | D:1      | 0 ||| qw: Version: 0.2-a-29-gc1b59c4
     0 | D:1      | 0 ||| qw: Game counter: 4488
     0 | D:1      | 0 ||| qw: Always use a shield: true
     0 | D:1      | 0 ||| qw: God list: Okawaru
     0 | D:1      | 0 ||| qw: Allow faded altars: false
     0 | D:1      | 0 ||| qw: Do Orc after D:15 true
     0 | D:1      | 0 ||| qw: Do second Lair branch before Depths: true
     0 | D:1      | 0 ||| qw: Lair rune preference: random
     0 | D:1      | 0 ||| qw: Plans: Normal, Zot:1-4, Slime:5, God:TSO, Crypt,
                  | Tomb, Abyss, Pan, Hells, Win
     0 | D:1      | 0 ||| PLANNING D:1-11
    32 | D:1      | Reached XP level 2. HP: 10/17 MP: 2/2
   255 | D:1      | Reached XP level 3. HP: 20/21 MP: 3/3
   261 | D:1      | Reached skill level 5 in Ranged Weapons
   443 | D:1      | 443 ||| UPGRADING to +0 ring mail.
   453 | D:1      | 453 ||| DROPPING +0 leather armour.
   454 | D:1      | 454 ||| UPGRADING to +6 ring of strength.
   455 | D:1      | 455 ||| DROPPING scroll of butterflies.
   575 | D:2      | Reached skill level 1 in Armour
   795 | D:2      | Reached skill level 3 in Fighting
   795 | D:2      | Reached XP level 4. HP: 28/28 MP: 4/4
   977 | D:2      | Found Sick's Weapon Shoppe.
   997 | D:2      | 997 ||| READING scroll labelled OSEBRA PUEKK.
  1055 | D:2      | Reached XP level 5. HP: 31/32 MP: 5/5
  1369 | D:2      | 1369 ||| READING scroll labelled DEB LEFIOLOELUMP.
  1370 | D:2      | 1370 ||| READING scroll labelled NOIPEH HOAD.
  1374 | D:2      | 1374 ||| READING scroll labelled WAQYTT FYEBESK.
  1375 | D:2      | 1375 ||| DRINKING 2 lumpy amethyst potions.
  1376 | D:2      | 1376 ||| DRINKING 2 purple potions.
  1377 | D:2      | 1377 ||| DROPPING potion of degeneration.
  1447 | D:3      | Found Tyhuic's Magic Scroll Boutique.
  1464 | D:3      | 1464 ||| BUYING scroll of enchant weapon (75 gold).
  1464 | D:3      | Bought a scroll of enchant weapon for 75 gold pieces
  1464 | D:3      | 1464 ||| BUYING scroll of identify (20 gold).
  1464 | D:3      | Bought a scroll of identify for 20 gold pieces
  1464 | D:3      | 1464 ||| SHOPLISTING scroll of teleportation (30 gold, have
                  | 27).
  1464 | D:3      | 1464 ||| READING scroll of enchant weapon.
  1464 | D:3      | 1464 ||| ENCHANTING +0 shortbow.
  1585 | D:3      | Found a faded altar of an unknown god.
  1604 | D:3      | Found a shadowy altar of Dithmenos.
  1619 | D:3      | 1619 ||| Stepping ~*~*~tactically~*~*~ (outnumbered).
  1622 | D:3      | HP: 8/32 [orc priest/divine providence (12)]
  1625 | D:3      | 1625 ||| Stepping ~*~*~tactically~*~*~ (outnumbered).
  1631 | D:3      | Slain by an orc

Levels and vault maps discovered:
D:1:      spicycebolla_arrival_risky_transporter, layout_rooms
D:2:      minmay_chambers_of_ones, layout_loops_ring, serial_shops,
          nicolae_shop_gibbet_a_chance, minivault_5, minivault_11,
          feat_on_display
D:3:      layout_basic, nicolae_dithmenos_the_darkroom,
          ebering_ecumenical_altar_abandoned, serial_shops, shop

Skill      XL: |  1  2  3 |
---------------+----------+-----
Ranged Weapons | 5 |  5.9
Armour         | 1 |  1.2
Fighting       | 3 |  3.0
Dodging        | |  1.5
Stealth        | |  1.1

Action                     |  1- 3 |  4- 6 || total
---------------------------+-------+-------++-------
   Fire: Shortbow          |    87 |    88 ||   175
    Use: Scroll            |       |     5 ||     5
         Potion            |       |     2 ||     2
 Armour: Leather armour    |    22 |       ||    22
         Ring mail         |     4 |    24 ||    28
  Dodge: Dodged            |    25 |    22 ||    47

Table legend:
 A = Non-vault XP
 B = Vault XP
 C = Vault XP percentage of total XP
 D = Non-vault monster count
 E = Vault monster count
 F = Vault count percentage of total count
                 A         B        C        D         E       F
            +---------+---------+-------+---------+---------+-------
      Total |     199 |      10 |   4.8 |      54 |       5 |   8.5
            +---------+---------+-------+---------+---------+-------
        D:1 |      54 |       0 |   0.0 |      23 |       0 |   0.0
        D:2 |     125 |      10 |   7.4 |      27 |       5 |  15.6
        D:3 |      20 |       0 |   0.0 |       4 |       0 |   0.0
            +---------+---------+-------+---------+---------+-------
